 Dungeon Crawl Stone Soup version 0.23-a0-79-gaa8cc03 (webtiles) character file.

1939 Amnesiac the Thaumaturge (level 8, -4/52 HPs)
             Began as a Mummy Air Elementalist on Aug 11, 2018.
             Was a Priest of Sif Muna.
             Slain by a red ugly thing (19 damage)
             ... on level 7 of the Dungeon.
             The game lasted 00:21:46 (7451 turns).

Amnesiac the Thaumaturge (Mummy Air Elementalist)   Turns: 7451, Time: 00:21:47

Health: -4/52      AC: 10    Str: 11    XL:     8   Next: 98%
Magic:  0/20       EV: 12    Int: 16    God:    Sif Muna [***...]
Gold:   423        SH:  0    Dex: 13    Spells: 18/23 levels left

rFire    x . .     SeeInvis +   l - +2 whip (drain)
rCold    + . .     Gourm    .   (no shield)
rNeg     + + +     Faith    .   a - +0 robe
rPois    ∞         Spirit   +   (no helmet)
rElec    .         Reflect  .   f - scarf {Spirit}
rCorr    .         Harm     .   e - +0 pair of gloves
MR       +....                  c - +0 pair of boots
Stlth    ++........             (no amulet)
HPRegen  0.17/turn              g - +6 ring of protection
MPRegen  0.17/turn              j - ring of see invisible

@: divine energy
A: no food or potions, fire vulnerability, cold resistance 1, negative energy
resistance 3, torment resistance, unbreathing
a: Stop Divine Energy, Channel Magic, Renounce Religion


You were on level 7 of the Dungeon.
You worshipped Sif Muna.
Sif Muna was most pleased with you.
You were not hungry.

You visited 2 branches of the dungeon, and saw 8 of its levels.
You also visited: Sewer.

You collected 459 gold pieces.
You spent 36 gold pieces at shops.

Inventory:

Hand Weapons
 l - a +2 whip of draining (weapon)
Armour
 a - a +0 robe (worn)
 c - a +0 pair of boots (worn)
 e - a +0 pair of gloves (worn)
 f - a scarf of spirit shield (worn)
Jewellery
 g - a +6 ring of protection (left hand)
 j - a ring of see invisible (right hand)
 p - the ring "Wutsigep" {Fire rElec rPois Int-5 SInv}
   (You found it on level 5 of the Dungeon)

   [ring of fire]

   It enhances your fire magic.
   It affects your intelligence (-5).
   It protects you from fire.
   It makes you vulnerable to cold.
   It insulates you from electricity.
   It protects you from poison.
   It lets you see invisible.
Wands
 i - a wand of flame (38)
Scrolls
 b - 4 scrolls of magic mapping {!r}
 d - 2 scrolls of amnesia {!r}
 h - 4 scrolls of remove curse {!r}
 m - a scroll of teleportation {!r}
 o - a scroll of fog {!r}
 q - 2 scrolls of fear {!r}
 r - a scroll of blinking {!r}


   Skills:
 - Level 1.5 Dodging
 - Level 1.5 Stealth
 + Level 8.4 Spellcasting
 - Level 0.7 Conjurations
 * Level 8.4 Air Magic


You had 18 spell levels left.
You knew the following spells:

 Your Spells              Type           Power        Failure   Level  Hunger
a - Airstrike             Air            ####......   3%          4    N/A
d - Shock                 Conj/Air       ###.         1%          1    N/A

Your spell library contained the following spells:

 Spells                   Type           Power        Failure   Level  Hunger
 Lightning Bolt           Conj/Air       ###.......   41%         5    N/A
 Swiftness                Chrm/Air       ###.....     2%          2    N/A
 Static Discharge         Conj/Air       ###.....     4%          3    N/A

Dungeon Overview and Level Annotations

Branches:
Dungeon (7/15)             Temple (1/1) D:4

Altars:
Ashenzari
Cheibriados
Dithmenos
Elyvilon
Fedhas
Gozag
Hepliaklqana
Kikubaaqudgha
Makhleb
Nemelex Xobeh
Okawaru
Qazlal
Ru
Sif Muna
Trog
Uskayaw
Vehumet
Wu Jian
Zin
The Shining One

Shops:
D:4 !   D:5 ![?

Portals:
Ossuary: D:7


Innate Abilities, Weirdness & Mutations

You do not eat or drink.
Your flesh is vulnerable to fire.
You are immune to poison.
Your flesh is cold resistant. (rC+)
You are immune to negative energy. (rN+++)
You are immune to unholy pain and torment.
You can survive without breathing.


Message History

The air twists around and strikes the red ugly thing!
The red ugly thing is lightly wounded.
Casting: Airstrike (safe; 3% risk of failure)
Confirm with . or Enter, or press ? or * to list all spells.
Aiming: Airstrike (safe; 3% risk of failure)
Press: ? - help, Dir - move target cursor, f/p - red ugly thing
Aim: a red ugly thing (lightly wounded)
The air twists around and strikes the red ugly thing!
The red ugly thing is moderately wounded.
Casting: Airstrike (safe; 3% risk of failure)
Confirm with . or Enter, or press ? or * to list all spells.
Aiming: Airstrike (safe; 3% risk of failure)
Press: ? - help, Dir - move target cursor, f/p - red ugly thing
Aim: a red ugly thing (moderately wounded)
The air twists around and strikes the red ugly thing!
The red ugly thing is heavily wounded.
Casting: Airstrike (safe; 3% risk of failure)
Confirm with . or Enter, or press ? or * to list all spells.
Aiming: Airstrike (safe; 3% risk of failure)
Press: ? - help, Dir - move target cursor, f/p - red ugly thing
Aim: a red ugly thing (heavily wounded)
The air twists around and strikes the red ugly thing!
The red ugly thing is heavily wounded.
The red ugly thing headbutts you.
You are engulfed in flames!!
The fire burns you terribly!
Ouch! That really hurt!
* * * LOW HITPOINT WARNING * * *
Casting: Airstrike (safe; 3% risk of failure)
Confirm with . or Enter, or press ? or * to list all spells.
Aiming: Airstrike (safe; 3% risk of failure)
Press: ? - help, Dir - move target cursor, f/p - red ugly thing
Aim: a red ugly thing (heavily wounded)
The air twists around and strikes the red ugly thing!
The red ugly thing is severely wounded.
Sif Muna grants you divine energy.
You briefly lose access to your magic!
The red ugly thing headbutts you but does no damage.
You are unable to access your magic!
You are unable to access your magic!
You are unable to access your magic!
The red ugly thing headbutts you but does no damage.
You are unable to access your magic!
You see here a scroll of remove curse {!r}.
You are unable to access your magic!
You are unable to access your magic!
You are unable to access your magic!
You regain access to your magic.
Casting: Airstrike (safe; 3% risk of failure)
Confirm with . or Enter, or press ? or * to list all spells.
Aiming: Airstrike (safe; 3% risk of failure)
Press: ? - help, Dir - move target cursor, f/p - red ugly thing
Aim: a red ugly thing (severely wounded)
The air twists around and strikes the red ugly thing!
The red ugly thing is severely wounded.
Sif Muna grants you divine energy.
You briefly lose access to your magic!
The red ugly thing closely misses you. The red ugly thing barely misses you.
Found a sand-covered staircase.
You regain access to your magic.
There is a sand-covered staircase here.
The red ugly thing headbutts you.
* * * LOW HITPOINT WARNING * * *
You are engulfed in flames!!
The fire burns you terribly!
You die...

#. #. #.. #.
#.######## ##..
#.## #........
........# #...8..#
.#...#..####......#
.............8.@.8#
........#####..u..#
........# #..8..#
#<# #.##.## #.# #.#
... #.# #.# ###.
#?# #.# # #.#####.#
#.......#


You could see a red ugly thing.

Vanquished Creatures
  A hippogriff (D:6)
  A water moccasin (D:6)
  An orc warrior (D:6)
  An ice beast (D:5)
  A sky beast (D:5)
  An ogre (D:6)
  A phantom (D:6)
  2 centaurs (D:6)
  4 bullfrogs (D:6)
  A scorpion (D:6)
  A howler monkey (D:4)
  A crimson imp (D:6)
  2 hounds (D:5)
  3 orc wizards
  A jelly (D:6)
  An orc priest (D:6)
  3 iguanas
  4 worker ants (D:6)
  A hound zombie (D:6)
  13 adders
  4 river rats (Sewer)
  A shadow imp (D:6)
  An adder skeleton (D:5)
  3 worms (D:2)
  4 dart slugs
  4 leopard geckos
  17 orcs
  8 bats
  4 giant cockroaches
  4 goblins
  5 hobgoblins
  3 jackals (D:4)
  2 quokkas
  3 ball pythons
  A ball python skeleton (D:5)
  8 frilled lizards
  4 kobolds
  19 rats
139 creatures vanquished.

Notes
Turn   | Place    | Note
-------+----------+-------------------------------------------
     0 | D:1      | Amnesiac the Mummy Air Elementalist began the quest for the Orb.
     0 | D:1      | Reached XP level 1. HP: 13/13 MP: 4/4
   558 | D:2      | Reached XP level 2. HP: 19/19 MP: 0/5
   603 | D:2      | You fall through a shaft!
   973 | D:3      | Reached XP level 3. HP: 9/24 MP: 1/7
  1296 | D:4      | Found a staircase to the Ecumenical Temple.
  1305 | Temple   | Entered the Ecumenical Temple
  1436 | Temple   | Became a worshipper of Sif Muna the Loreminder
  1749 | D:5      | Entered Level 5 of the Dungeon
  1755 | D:5      | Reached XP level 4. HP: 17/30 MP: 1/9
  1806 | D:4      | Found Luup's Distillery.
  2524 | D:1      | Learned a level 4 spell: Airstrike
  3636 | D:4      | Reached XP level 5. HP: 35/35 MP: 1/11
  4109 | D:2      | Found a blossoming altar of Fedhas.
  4205 | D:2      | Found a faded altar of an unknown god.
  4255 | D:2      | Reached * piety under Sif Muna
  4381 | D:2      | Reached XP level 6. HP: 40/41 MP: 3/13
  4798 | D:5      | Found Zyoq's Armour Shoppe.
  4811 | D:5      | Noticed a sky beast
  4832 | D:5      | Killed a sky beast
  4832 | D:5      | Reached skill level 5 in Spellcasting
  4832 | D:5      | Reached skill level 5 in Air Magic
  4849 | D:5      | Noticed an ice beast
  4865 | D:5      | Killed an ice beast
  5129 | D:5      | Found Mushrock's Magic Scroll Shoppe.
  5141 | D:5      | Bought a scroll of teleportation for 36 gold pieces
  5196 | D:5      | Reached XP level 7. HP: 46/46 MP: 0/15
  5264 | D:5      | Found Vyal's Distillery.
  5622 | D:5      | Got a bound glass ring
  5869 | D:6      | Found a glowing drain.
  5878 | Sewer    | Entered a sewer
  6013 | Sewer    | Reached ** piety under Sif Muna
  6364 | D:6      | Noticed a hippogriff
  6368 | D:6      | Killed a hippogriff
  6660 | D:6      | Identified the ring "Wutsigep" {Fire rElec rPois Int-5 SInv} (You found it on level 5 of the Dungeon)
  6723 | D:6      | Reached XP level 8. HP: 52/52 MP: 9/18
  7133 | D:6      | Reached *** piety under Sif Muna
  7426 | D:7      | Noticed a red ugly thing
  7445 | D:7      | Found a sand-covered staircase.
  7451 | D:7      | Slain by a red ugly thing

Vault maps used:
D:1:      grunt_arrival_crossed_arrows, solitary_fountain
D:2:      minmay_diamond_boxcup, chequers_ecumenical_altar_island,
          fedhas_altar_4
D:3:      first_ration, minivault_5
D:4:      temple_hall, serial_shops, shop, mrwooster_statue_mirror
D:5:      serial_shops, shop, shop, nicolae_shop_waterfront,
          minmay_stone_trees_medium
D:6:      portal_sewer_entry_d, serial_glass, glass_columns_a, glass_columns_b,
          glass_columns_c, glass_columns_a, nzn_random_ring
D:7:      old_standard_altar, serial_glass, glass_columns_b, glass_columns_a,
          nicolae_ossuary_entry_monument, corexii_corridor_pit, grunt_ogre_cave,
          hex_large, uniq_menkaure, uniq_harold, uniq_joseph
Temple:   regret_index_temple_chain_breaker
Sewer:    sewer_co_cracked_pipes

Skill      XL: |  1  2  3  4  5  6  7  8 |
---------------+-------------------------+-----
Spellcasting   | 3 4 5 6 8 |  8.4
Air Magic      | 3 4 5 6 8 |  8.4
Dodging        | |  1.5
Stealth        | |  1.5
Conjurations   | |  0.7

Action                   |  1- 3 |  4- 6 |  7- 9 || total
-------------------------+-------+-------+-------++-------
Melee: Unarmed           |    15 |    20 |       ||    35
       Whip              |       |    53 |    55 ||   108
 Cast: Shock             |    60 |    45 |       ||   105
       Airstrike         |       |    46 |   103 ||   149
Invok: Divine Energy     |       |     1 |       ||     1
  Use: Scroll            |       |     3 |     7 ||    10
 Stab: Sleeping          |       |     1 |       ||     1
Armor: Robe              |    11 |    41 |    37 ||    89
Dodge: Dodged            |    52 |    83 |    80 ||   215

Table legend:
 A = Non-vault XP
 B = Vault XP
 C = Vault XP percentage of total XP
 D = Non-vault monster count
 E = Vault monster count
 F = Vault count percentage of total count
 G = Total turns spent on level
                 A         B        C        D         E       F
            +---------+---------+-------+---------+---------+-------
      Total |    1848 |     923 |  33.3 |      96 |      43 |  30.9
            +---------+---------+-------+---------+---------+-------
        D:1 |      24 |       0 |   0.0 |      15 |       0 |   0.0
        D:2 |      72 |      14 |  16.3 |      15 |       7 |  31.8
        D:3 |      62 |       0 |   0.0 |      16 |       0 |   0.0
        D:4 |     179 |       0 |   0.0 |      17 |       0 |   0.0
        D:5 |     477 |       0 |   0.0 |      18 |       0 |   0.0
        D:6 |    1034 |     798 |  43.6 |      15 |      13 |  46.4
      Sewer |       0 |     111 | 100.0 |       0 |      23 | 100.0
            +---------+---------+-------+---------+---------+-------
